 Dungeon Crawl Stone Soup version 0.27.0-1-g7a08968 (webtiles) character file.

Game seed: 692037585313712125

1125 BALLS the Slasher (level 8, 0/43 HPs)
             Began as a Vine Stalker Fighter on Jan 24, 2022.
             Slain by a steam dragon (3 damage)
             ... on level 5 of the Dungeon.
             The game lasted 00:06:10 (3605 turns).

BALLS the Slasher (Vine Stalker Fighter)            Turns: 3605, Time: 00:06:10

Health: 0/43       AC: 12    Str: 21    XL:     8   Next: 35%
Magic:  0/9        EV:  7    Int:  8    God:
Gold:   265        SH: 10    Dex: 14    Spells: 7/7 levels left

rFire    . . .     SeeInvis .   a - +0 long sword
rCold    . . .     Faith    .   c - +0 kite shield
rNeg     . . .     Spirit   +   b - +0 scale mail
rPois    +         Reflect  .   o - +1 helmet
rElec    .         Harm     .   n - scarf {repulsion}
rCorr    .         Rampage  .   (no gloves)
Will     +....                  (no boots)
Stlth    ..........             (no amulet)
HPRegen  1.14/turn              k - ring of poison resistance
MPRegen  0.11/turn              r - +4 ring of protection

@: repel missiles
A: fangs 3, regeneration 1, magic shield, antimagic bite, no potion heal 2
a: no special abilities


You were on level 5 of the Dungeon.
You visited 1 branch of the dungeon, and saw 5 of its levels.

You collected 265 gold pieces.

Inventory:

Hand Weapons
 a - a +0 long sword (weapon)
Armour
 b - a +0 scale mail (worn)
 c - a +0 kite shield (worn)
 n - a scarf of repulsion (worn)
 o - a +1 helmet (worn)
Jewellery
 d - a +6 ring of dexterity
 k - a ring of poison resistance (left hand)
 r - a +4 ring of protection (right hand)
Scrolls
 e - a scroll of vulnerability {unknown}
 f - a scroll of silence {unknown}
 h - 4 scrolls of identify {unknown}
 j - a scroll of blinking {unknown}
 l - a scroll of teleportation {unknown}
 q - 2 scrolls of fog {unknown}
 s - a scroll of torment {unknown}
 u - a scroll of immolation {unknown}
 v - a scroll of noise {unknown}
Potions
 g - a potion of haste {unknown}
 i - a potion of resistance {unknown}
 m - a potion of lignification {unknown}
 p - 3 potions of berserk rage {unknown}
 t - a potion of magic {unknown}
 w - a potion of cancellation {unknown}


   Skills:
 - Level 5.0 Fighting
 - Level 7.0 Long Blades
 - Level 2.4 Armour
 + Level 4.6 Shields


You had 7 spell levels left.
You didn't know any spells.
Your spell library contained the following spells:

 Spells                   Type           Power      Damage    Failure   Level
 Ensorcelled Hibernation  Hex/Ice        0%         N/A       100%        2
 Sublimation of Blood     Necr           0%         N/A       100%        2
 Wereblood                Tmut           0%         N/A       100%        2
 Spider Form              Tmut/Pois      0%         N/A       100%        3
 Shadow Creatures         Summ           N/A        N/A       100%        6
 Summon Hydra             Summ           0%         N/A       100%        7


Dungeon Overview and Level Annotations

Branches:
Dungeon (5/15)
 Temple: D:4-7

Altars:
Cheibriados
Fedhas
Gozag
Hepliaklqana
Makhleb
Nemelex Xobeh
Wu Jian
Yredelemnul


Innate Abilities, Weirdness & Mutations

You have razor-sharp teeth.
Your natural rate of healing is unusually fast.
When hurt, damage is shared between your health and your magic reserves.
Your bite disrupts and absorbs the magic of your enemies.
Potions cannot restore your health.


Message History

You barely miss the steam dragon. Your bite misses the steam dragon.
The steam dragon is almost dead.
The steam dragon breathes steam at you. The ball of steam hits you!
The steam dragon breathes steam at you. The ball of steam hits you!
You hit the steam dragon but do no damage.
Your bite misses the steam dragon.
The steam dragon is almost dead.
You are engulfed in a cloud of scalding steam.
The steam dragon bites you but does no damage.
You block the steam dragon's attack. You block the steam dragon's attack. x2
Unknown command.
You block the steam dragon's attack.
The steam dragon claws you but does no damage.
Found a stone staircase leading down.
You hit the steam dragon but do no damage.
Your bite misses the steam dragon.
The steam dragon is almost dead.
You block the steam dragon's attack. The steam dragon closely misses you.
You barely miss the steam dragon. You bite the steam dragon.
You drain its power.
You feel invigorated.
The steam dragon is almost dead.
The steam dragon breathes steam at you. The ball of steam hits you!!
* * * LOW HITPOINT WARNING * * *
You hit the steam dragon but do no damage.
The steam dragon is almost dead.
You are engulfed in a cloud of scalding steam.
You block the steam dragon's attack.
The steam dragon claws you but does no damage.
The steam dragon bites you but does no damage.
You block the steam dragon's attack. The steam dragon breathes steam at you.
The ball of steam hits you!
* * * LOW HITPOINT WARNING * * *
The steam dragon bites you but does no damage.
The steam dragon claws you.
You die...

###..##....##..##
###.....#8..8#.....
#.#................ ...
##.'...........#.... ⌠.>
#..#...........#....
....##.#+##'##....##....
#....#....#.########....
#...##...#........#....
#....#@.§#........+....
#.⌠ZD§.§#........#
#...#§..#+##'#########
##.###.....#....###...
#. .....#......'... .
.....#......#... .
...§.#......#... ..
....§#......#...
...§§#...<..#...


You could see a steam dragon (catching breath) and a bullfrog zombie.

Vanquished Creatures
  The ghost of MrDizzy the Ruffian, a novice TrNe (D:4)
  Sigmund (D:3)
  The ghost of amintas the Covered, an amateur GrFi (D:3)
  A black bear (D:5)
  An ogre (D:4)
  A water moccasin zombie (D:3)
  A bullfrog zombie (D:3)
  A centaur skeleton (D:5)
  A bullfrog skeleton (D:5)
  An orc wizard (D:4)
  2 killer bee zombies (D:3)
  A howler monkey zombie (D:3)
  3 adders
  A worm (D:2)
  7 orcs
  7 ball pythons
  9 bats
  6 endoplasms
  6 giant cockroaches
  8 goblins
  5 hobgoblins
  5 jackals (D:1)
  2 quokkas
  2 frilled lizards (D:1)
  8 kobolds
  4 rats
86 creatures vanquished.

Notes
Turn   | Place    | Note
-------+----------+-------------------------------------------
     0 | D:1      | BALLS the Vine Stalker Fighter began the quest for the Orb.
     0 | D:1      | Reached XP level 1. HP: 11/11 MP: 2/2
    77 | D:1      | Reached skill level 2 in Long Blades
    85 | D:1      | Reached XP level 2. HP: 11/16 MP: 3/3
   343 | D:1      | Reached skill level 3 in Long Blades
   441 | D:1      | Reached XP level 3. HP: 19/19 MP: 4/4
   509 | D:1      | Found a faded altar of an unknown god.
  1572 | D:2      | Gained mutation: Your natural rate of healing is unusually
                  | fast. [Vine Stalker growth]
  1572 | D:2      | Reached XP level 4. HP: 23/23 MP: 5/5
  1942 | D:3      | Reached skill level 4 in Long Blades
  2034 | D:3      | Noticed Sigmund
  2056 | D:3      | Killed Sigmund
  2057 | D:3      | Reached skill level 5 in Long Blades
  2057 | D:3      | Reached XP level 5. HP: 19/27 MP: 6/6
  2057 | D:3      | Reached XP level 6. HP: 22/32 MP: 7/7
  2178 | D:3      | Found an ornate altar of the Wu Jian Council.
  2293 | D:3      | Found an opulent altar of Gozag.
  2296 | D:3      | Found a blossoming altar of Fedhas.
  2306 | D:3      | Found a burning altar of Makhleb.
  2309 | D:3      | Found a basalt altar of Yredelemnul.
  2459 | D:3      | Found a runed translucent gate.
  2461 | D:3      | Found a runed translucent gate.
  2462 | D:3      | Found a runed translucent gate.
  2466 | D:3      | Noticed amintas's ghost (amateur GrFi)
  2634 | D:3      | Found a sparkling altar of Nemelex Xobeh.
  2657 | D:3      | Reached skill level 6 in Long Blades
  2818 | D:3      | Killed amintas's ghost
  2819 | D:3      | Reached skill level 7 in Long Blades
  2819 | D:3      | Reached XP level 7. HP: 23/35 MP: 3/8
  2907 | D:4      | Found a runed translucent gate.
  2907 | D:4      | Found a runed translucent gate.
  2909 | D:4      | Found a runed translucent gate.
  2912 | D:4      | Noticed MrDizzy's ghost (novice TrNe)
  3369 | D:4      | Killed MrDizzy's ghost
  3370 | D:4      | Reached skill level 5 in Fighting
  3370 | D:4      | Gained mutation: You have razor-sharp teeth. [Vine Stalker
                  | growth]
  3370 | D:4      | Reached XP level 8. HP: 35/43 MP: 9/9
  3438 | D:5      | Entered Level 5 of the Dungeon
  3478 | D:5      | Found a hazy altar of Hepliaklqana.
  3480 | D:5      | Found a snail-covered altar of Cheibriados.
  3604 | D:5      | HP: 2/43 [steam dragon/ball of steam (7)]
  3605 | D:5      | Slain by a steam dragon

Illustrated notes

Levels and vault maps discovered:
D:1:      elethiomel_arrival_infinity_welcomes_careful_drivers, layout_basic,
          shapermc_ecumenical_altar_notcrosses, roderic_three_in_a_row,
          st_stairs_12, minmay_tall_x
D:2:      layout_rooms
D:3:      layout_basic, mainiacjoe_overflow_alcove_1,
          pdpol_wu_jian_five_deadly_venoms, grunt_temple_overflow_cloverleaf,
          gammafunk_ghost_necromancy, kennysheep_generic_room_6, uniq_sigmund
D:4:      layout_rooms, serial_curves, eino_curves_04, eino_curves_03,
          eino_curves_01, eino_curves_02, gammafunk_ghost_split
D:5:      layout_gridville, kennysheep_mini_moat, jmf_multi_god_temple,
          minmay_temple_entry_offerings, hellmonk_ghost_happy_afterlife,
          grunt_ministairs_13, uniq_menkaure

Skill      XL: |  1  2  3  4  5  6  7  8 |
---------------+-------------------------+-----
Long Blades    | 2 3 5 7 |  7.0
Fighting       | 5 |  5.0
Shields        | 3 4 |  4.6
Armour         | |  2.4

Action                   |  1- 3 |  4- 6 |  7- 9 || total
-------------------------+-------+-------+-------++-------
Melee: Long sword        |    84 |   149 |    72 ||   305
       Bite              |    19 |    68 |    25 ||   112
  Use: Potion            |       |       |     1 ||     1
Armor: Scale mail        |    44 |    81 |    47 ||   172
Dodge: Dodged            |    23 |    48 |    25 ||    96
       Repelled          |       |     1 |       ||     1
Block: Kite shield       |    37 |    87 |    44 ||   168
       Rpst.: Long sword |     7 |    16 |     9 ||    32
